Penguins vs Senators

Created - Wednesday, April 08, 2015 at 00:05

Goals
1 2 3 T
Penguins 1 0 0 1
Senators 1 2 1 4
Shots
1 2 3 T
Penguins 5 2 8 15
Senators 13 5 12 30

1st period

1. Senators , Loui Eriksson 12 (Kyle Okposo, Henrik Sedin) at 6:24 (PP)
2. Penguins , Grant Clitsome 13 (Nathan MacKinnon, Nate Thompson) at 9:02 (SH)

Penalties :
Chris Stewart (Pit) for Hooking (Minor) at 4:35, Jarome Iginla (Pit) for Hooking (Minor) at 7:56, Marcus Foligno (Pit) for Slashing (Minor) at 9:36

2nd period

3. Senators , Kyle Okposo 37 (Henrik Sedin) at 0:13
4. Senators , Henrik Sedin 16 (Zach Bogosian) at 18:52 (PP)

Penalties :
Nate Prosser (Ott) for Hooking (Minor) at 11:48, Chris Stewart (Pit) for Roughing (Minor) at 16:58

3rd period

5. Senators , Nazem Kadri 28 (Mark Scheifele, Nate Prosser) at 8:13

Penalties :
Christian Ehrhoff (Pit) for Holding (Minor) at 0:03, Christian Ehrhoff (Pit) for Interference (Minor) at 2:28, Jarome Iginla (Pit) for Hooking (Minor) at 5:54, David Clarkson (Ott) for Roughing (Minor) at 10:39, John Scott (Ott) for Tripping (Minor) at 18:46

Goalie Stats

Mike Smith (Pit), 25 saves from 29 shots - (0.862), L, 34-20-9, 56:30 minutes
Alex Stalock (Pit), 1 saves from 1 shots - (1.000), 3:30 minutes
Steve Mason (Ott), 14 saves from 15 shots - (0.933), W, 40-25-6, 60:00 minutes

Players Stats for Penguins

Player Name              G  A  P  +/- PIM S  H  SB GA TA FO     MP     PP MP  PK MP  
------------------------------------------------------------------------------------
Anton Volchenkov         0  0  0  -1  0   0  2  3  0  0  0/0    25:50   3:09   8:20 
Chris Stewart            0  0  0  -1  4   0  0  0  0  0  0/0    13:08   0:00   0:00 
Christian Ehrhoff        0  0  0  -1  4   1  1  3  0  0  0/0    21:37   2:02   5:25 
Cody Ceci                0  0  0   0  0   0  1  0  2  0  0/0    13:37   0:00   0:00 
David Legwand            0  0  0  -1  0   1  1  0  3  0  3/10   16:09   2:30   0:14 
Dougie Hamilton          0  0  0  -1  0   1  3  3  0  0  0/0    17:44   2:02   2:55 
Grant Clitsome           1  0  1   0  0   1  2  1  0  0  0/0    21:52   3:09   4:59 
Jarome Iginla            0  0  0  -1  4   0  3  0  2  0  1/2    22:16   2:41   5:37 
Luke Glendening          0  0  0   0  0   1  1  0  1  0  0/0    11:15   0:00   0:00 
Marcus Foligno           0  0  0   0  2   1  1  1  0  1  2/2    15:56   0:00   3:38 
Mark Fraser              0  0  0   1  0   0  1  1  0  2  0/0    19:20   0:00   4:59 
Mark Giordano            0  0  0   0  0   0  0  0  0  0  0/0     0:00   0:00   0:00 
Mikael Granlund          0  0  0  -1  0   4  1  0  0  0  10/15  11:43   2:41   0:00 
Nail Yakupov             0  0  0   0  0   1  1  0  2  0  0/1     8:22   0:00   0:00 
Nate Thompson            0  1  1   1  0   1  1  2  3  0  6/7    15:45   0:00   3:44 
Nathan MacKinnon         0  1  1   0  0   0  1  1  3  1  0/0    21:03   2:30   4:26 
Paul Gaustad             0  0  0   0  0   2  2  1  0  1  10/13  18:45   2:41   8:39 
Vladimir Tarasenko       0  0  0  -1  0   1  0  0  1  0  0/2    11:48   2:30   0:00 

Players Stats for Senators

Player Name              G  A  P  +/- PIM S  H  SB GA TA FO     MP     PP MP  PK MP  
------------------------------------------------------------------------------------
Boone Jenner             0  0  0   0  0   0  3  1  0  0  3/11   12:08   0:00   4:49 
Colin Greening           0  0  0   0  0   0  1  1  0  2  0/0    18:52   6:36   4:31 
David Clarkson           0  0  0   0  2   0  1  0  1  0  0/0     6:59   0:00   0:00 
Henrik Sedin             1  2  3   0  0   4  3  0  2  0  1/7    17:00   6:43   0:00 
John Scott               0  0  0   1  2   1  2  0  0  1  0/1    13:23   0:00   1:12 
Johnny Oduya             0  0  0  -1  0   3  0  5  0  2  0/0    28:47   7:41   2:39 
Jonathan Toews           0  0  0   0  0   0  2  0  2  0  11/21  20:00   6:36   0:37 
Justin Schultz           0  0  0   2  0   2  1  5  0  3  0/0    22:10   0:00   2:35 
Kyle Clifford            0  0  0   0  0   0  0  0  0  0  0/0     0:00   0:00   0:00 
Kyle Okposo              1  1  2   0  0   4  1  0  3  0  0/0    17:00   6:43   0:00 
Loui Eriksson            1  0  1   0  0   2  0  1  0  0  0/0    17:22   6:43   0:03 
Mark Scheifele           0  1  1   1  0   1  0  0  0  1  0/0    11:28   0:00   0:22 
Nate Prosser             0  1  1   0  2   0  1  2  0  1  0/0    18:33   5:38   1:20 
Nazem Kadri              1  0  1   1  0   4  1  0  1  0  5/12   11:06   0:00   0:00 
Peter Harrold            0  0  0   2  0   1  1  0  0  0  0/0    19:32   5:38   0:00 
Reilly Smith             0  0  0   0  0   0  1  0  0  0  0/0    12:43   0:00   0:00 
Scott Hartnell           0  0  0   0  0   7  3  0  3  0  0/0    19:23   6:36   0:00 
Zach Bogosian            0  1  1  -1  0   1  4  1  0  2  0/0    28:15   7:41   2:36 

3 Stars

1 - Henrik Sedin (Ott)
2 - Kyle Okposo (Ott)
3 - Nazem Kadri (Ott)

Power Play

Penguins - 0 on 3 Attempt(s) - 0.00%
Senators - 2 on 7 Attempt(s) - 28.57%

Penalty Kill

Penguins - 5 on 7 Attempt(s) - 71.43% - Score 1 goal in Penalty Kill
Senators - 3 on 3 Attempt(s) - 100.00% - Score 0 goal in Penalty Kill

Team Stat

Penguins - Hits : 22 - Faceoff Wins : 32 - Blocked Shots : 16 - Penalty Minutes : 14
Senators - Hits : 25 - Faceoff Wins : 20 - Blocked Shots : 16 - Penalty Minutes : 6

Official

Referees : Unknown
Linesman : Unknown

Game Notes

Alex Stalock is injured at 3:30 of 1st period (Right Leg)
Mike Smith enters game at 3:30 of 1st period

Finance

Level 1 -- Attendance: 3823 (63.72%) -- Ticket Income $382,300
Level 2 -- Attendance: 3585 (71.70%) -- Ticket Income $215,100
Level 3 -- Attendance: 1417 (70.85%) -- Ticket Income $49,595
Level 4 -- Attendance: 2665 (66.63%) -- Ticket Income $53,300
Luxury Box -- Attendance: 648 (64.80%) -- Ticket Income $129,600
Game was played at the Scotiabank Place'
Total Attendance: 12138 (67.43%)
Total Ticket Income: $829,895
Other Income: $406,649
Total Income: $1,236,544

Penguins

5 vs 5 Forward 
   Center                   Left Wing                Right Wing               Time % Phy DF OF 
 1 David Legwand            Chris Stewart            Nathan MacKinnon         35     0   0  5  
 2 Mikael Granlund          Vladimir Tarasenko       Jarome Iginla            30     0   1  4  
 3 Paul Gaustad             Nail Yakupov             Jarome Iginla            22     0   3  2  
 4 Nate Thompson            Marcus Foligno           Luke Glendening          13     2   3  0  

5 vs 5 Defense 
   Defense                  Defense                                           Time % Phy DF OF 
 1 Christian Ehrhoff        Anton Volchenkov                                  40     0   2  3  
 2 Grant Clitsome           Dougie Hamilton                                   35     0   3  2  
 3 Cody Ceci                Mark Fraser                                       20     0   4  1  
 4 Christian Ehrhoff        Anton Volchenkov                                  5      0   2  3  

PowerPlay Forward 
   Center                   Left Wing                Right Wing               Time % Phy DF OF 
 1 Mikael Granlund          Paul Gaustad             Jarome Iginla            60     0   0  5  
 2 David Legwand            Vladimir Tarasenko       Nathan MacKinnon         40     0   0  5  

PowerPlay Defense
   Defense                  Defense                                           Time % Phy DF OF 
 1 Anton Volchenkov         Grant Clitsome                                    60     0   0  5  
 2 Christian Ehrhoff        Dougie Hamilton                                   40     0   1  4  

Penalty Kill 4 Players Forward 
   Center                   Wing                     Time % Phy DF OF 
 1 Paul Gaustad             Jarome Iginla            60     0   5  0  
 2 Nate Thompson            Nathan MacKinnon         40     0   5  0  

Penalty Kill 4 Players Defense
   Defense                  Defense                  Time % Phy DF OF 
 1 Anton Volchenkov         Christian Ehrhoff        60     0   5  0  
 2 Mark Fraser              Grant Clitsome           40     0   5  0  

Penalty Kill - 3 Players Forward 
   Forward                                           Time % Phy DF OF 
 1 Paul Gaustad                                      60     0   5  0  
 2 Nate Thompson                                     40     0   5  0  

Penalty Kill - 3 Players Defense
   Defense                  Defense                  Time % Phy DF OF 
 1 Anton Volchenkov         Dougie Hamilton          60     0   5  0  
 2 Christian Ehrhoff        Mark Fraser              40     0   5  0  

4 vs 4 Forward 
   Center                   Wing                     Time % Phy DF OF 
 1 Mikael Granlund          Jarome Iginla            60     0   0  5  
 2 David Legwand            Nathan MacKinnon         40     0   1  4  

4 vs 4 Defense
   Defense                  Defense                  Time % Phy DF OF 
 1 Christian Ehrhoff        Grant Clitsome           60     0   1  4  
 2 Dougie Hamilton          Anton Volchenkov         40     0   2  3  

Last Minutes Offensive
   Center                   Left Wing                Right Wing               Defense                  Defense                  
   Mikael Granlund          Chris Stewart            Jarome Iginla            Christian Ehrhoff        Cody Ceci                

Last Minutes Defensive
   Center                   Left Wing                Right Wing               Defense                  Defense                  
   Paul Gaustad             Chris Stewart            Jarome Iginla            Christian Ehrhoff        Anton Volchenkov         

Goaltenders
Starting : Alex Stalock             
Backup : Mike Smith               

Extra Forwards
Normal : Nathan MacKinnon, Nail Yakupov, Vladimir Tarasenko - PP : Nathan MacKinnon, Nail Yakupov - PK : Paul Gaustad
Extra Defensemen
Normal : Anton Volchenkov, Dougie Hamilton, Christian Ehrhoff - PP : Dougie Hamilton - PK : Anton Volchenkov, Dougie Hamilton
Penalty Shots
Paul Gaustad, Jarome Iginla, Nathan MacKinnon, Vladimir Tarasenko, David Legwand

Senators

5 vs 5 Forward 
   Center                   Left Wing                Right Wing               Time % Phy DF OF 
 1 Jonathan Toews           Scott Hartnell           Reilly Smith             37     1   1  3  
 2 Henrik Sedin             Loui Eriksson            Kyle Okposo              31     1   1  3  
 3 Nazem Kadri              John Scott               Mark Scheifele           22     1   2  2  
 4 Boone Jenner             Colin Greening           David Clarkson           10     2   2  1  

5 vs 5 Defense 
   Defense                  Defense                                           Time % Phy DF OF 
 1 Zach Bogosian            Johnny Oduya                                      35     1   2  2  
 2 Justin Schultz           Peter Harrold                                     30     1   2  2  
 3 Nate Prosser             Justin Schultz                                    22     1   2  2  
 4 Zach Bogosian            Johnny Oduya                                      13     1   2  2  

PowerPlay Forward 
   Center                   Left Wing                Right Wing               Time % Phy DF OF 
 1 Jonathan Toews           Scott Hartnell           Colin Greening           60     1   2  2  
 2 Henrik Sedin             Loui Eriksson            Kyle Okposo              40     1   2  2  

PowerPlay Defense
   Defense                  Defense                                           Time % Phy DF OF 
 1 Zach Bogosian            Johnny Oduya                                      60     1   2  2  
 2 Nate Prosser             Peter Harrold                                     40     1   2  2  

Penalty Kill 4 Players Forward 
   Center                   Wing                     Time % Phy DF OF 
 1 Boone Jenner             Colin Greening           60     1   2  2  
 2 Jonathan Toews           Kyle Okposo              40     1   2  2  

Penalty Kill 4 Players Defense
   Defense                  Defense                  Time % Phy DF OF 
 1 Zach Bogosian            Johnny Oduya             60     1   2  2  
 2 Justin Schultz           Nate Prosser             40     1   2  2  

Penalty Kill - 3 Players Forward 
   Forward                                           Time % Phy DF OF 
 1 Boone Jenner                                      60     1   2  2  
 2 Jonathan Toews                                    40     1   2  2  

Penalty Kill - 3 Players Defense
   Defense                  Defense                  Time % Phy DF OF 
 1 Zach Bogosian            Johnny Oduya             60     1   2  2  
 2 Justin Schultz           Peter Harrold            40     1   2  2  

4 vs 4 Forward 
   Center                   Wing                     Time % Phy DF OF 
 1 Jonathan Toews           Henrik Sedin             60     1   2  2  
 2 Scott Hartnell           Kyle Okposo              40     1   2  2  

4 vs 4 Defense
   Defense                  Defense                  Time % Phy DF OF 
 1 Zach Bogosian            Johnny Oduya             60     1   2  2  
 2 Nate Prosser             John Scott               40     1   2  2  

Last Minutes Offensive
   Center                   Left Wing                Right Wing               Defense                  Defense                  
   Jonathan Toews           Scott Hartnell           Reilly Smith             Zach Bogosian            Johnny Oduya             

Last Minutes Defensive
   Center                   Left Wing                Right Wing               Defense                  Defense                  
   Jonathan Toews           Scott Hartnell           Reilly Smith             Zach Bogosian            Johnny Oduya             

Goaltenders
Starting : Steve Mason              
Backup : James Reimer             

Extra Forwards
Normal : Nazem Kadri, Colin Greening, Jonathan Toews - PP : Nazem Kadri, Colin Greening - PK : Jonathan Toews
Extra Defensemen
Normal : Nate Prosser, Johnny Oduya, Zach Bogosian - PP : Nate Prosser - PK : Johnny Oduya, Zach Bogosian
Penalty Shots
Jonathan Toews, Henrik Sedin, Nazem Kadri, Kyle Okposo, Scott Hartnell

% Time on Ice - Penguins

Lines # - Real PCT - Wanted PCT - Time Play
Normal Forward
1 - 33% - 35% - 13:39
2 - 23% - 30% - 9:28
3 - 17% - 22% - 7:08
4 - 27% - 13% - 11:15
Normal Defense
1 - 35% - 40% - 14:21
2 - 33% - 35% - 13:32
3 - 33% - 20% - 13:37
4 - 0% - 5% - 0:00
PP Forward
1 - 52% - 60% - 2:41
2 - 48% - 40% - 2:30
PP Defense
1 - 61% - 60% - 3:09
2 - 39% - 40% - 2:02
PK Forward
1 - 73% - 60% - 9:30
2 - 27% - 40% - 3:30
PK Defense
1 - 62% - 60% - 8:01
2 - 38% - 40% - 4:59
PK3 Forward
1 - 100% - 60% - 0:19
2 - 0% - 40% - 0:00
PK3 Defense
1 - 100% - 60% - 0:19
2 - 0% - 40% - 0:00
44 Forward
1 - 0% - 60%
2 - 0% - 40%
44 Defense
1 - 0% - 60%
2 - 0% - 40%
Last Minute Offensive  - 0:00
Last Minute Defensive  - 0:00
Total
Forward - 60:00
Defense - 60:00

% Time on Ice - Senators

Lines # - Real PCT - Wanted PCT - Time Play
Normal Forward
1 - 32% - 37% - 13:10
2 - 25% - 31% - 10:18
3 - 27% - 22% - 11:06
4 - 17% - 10% - 6:56
Normal Defense
1 - 37% - 35% - 15:19
2 - 34% - 30% - 14:18
3 - 22% - 22% - 9:14
4 - 6% - 13% - 2:39
PP Forward
1 - 50% - 60% - 6:36
2 - 50% - 40% - 6:43
PP Defense
1 - 58% - 60% - 7:41
2 - 42% - 40% - 5:38
PK Forward
1 - 100% - 60% - 5:11
2 - 0% - 40% - 0:00
PK Defense
1 - 50% - 60% - 2:36
2 - 50% - 40% - 2:35
PK3 Forward
1 - 0% - 60%
2 - 0% - 40%
PK3 Defense
1 - 0% - 60%
2 - 0% - 40%
44 Forward
1 - 0% - 60%
2 - 0% - 40%
44 Defense
1 - 0% - 60%
2 - 0% - 40%
Last Minute Offensive  - 0:00
Last Minute Defensive  - 0:00
Total
Forward - 60:00
Defense - 60:00

Play by Play

1st period


0:01 of 1st period - Jonathan Toews wins face-off versus David Legwand in neutral zone.
0:52 of 1st period - Loui Eriksson is hit by Christian Ehrhoff.
1:10 of 1st period - Slapshot by Mikael Granlund.
1:10 of 1st period - Shot Misses the Net.
1:14 of 1st period - Wrist shot by Vladimir Tarasenko.
1:14 of 1st period - Shot Misses the Net.
1:16 of 1st period - Slapshot by Dougie Hamilton.
1:16 of 1st period - Stopped by Steve Mason without a rebound.
1:17 of 1st period - Marcus Foligno wins face-off versus Nazem Kadri in Senators zone.
1:23 of 1st period - Off-side.
1:24 of 1st period - Nate Thompson wins face-off versus Nazem Kadri in neutral zone.
2:02 of 1st period - Icing by Luke Glendening.
2:03 of 1st period - Nate Thompson wins face-off versus Boone Jenner in Penguins zone.
2:26 of 1st period - Justin Schultz is hit by Nail Yakupov and loses puck.
2:47 of 1st period - Zach Bogosian is hit by Mark Fraser and loses puck.
3:30 of 1st period - Snap shot by Henrik Sedin.
3:30 of 1st period - Stopped by Alex Stalock with a rebound.
3:30 of 1st period - Alex Stalock from Penguins is injured at 3:30 of 1st period (Right Leg).
3:30 of 1st period - Mike Smith enters game.
3:31 of 1st period - Jonathan Toews wins face-off versus Vladimir Tarasenko in Penguins zone.
3:32 of 1st period - Snap shot by Scott Hartnell.
3:32 of 1st period - Shot Misses the Net.
3:34 of 1st period - Slapshot by Justin Schultz.
3:34 of 1st period - Deflect By Anton Volchenkov.
3:34 of 1st period - Stopped by Mike Smith without a rebound.
3:35 of 1st period - Jonathan Toews wins face-off versus Mikael Granlund in Penguins zone.
3:42 of 1st period - Wrist shot by Scott Hartnell.
3:42 of 1st period - Stopped by Mike Smith with a rebound.
3:44 of 1st period - Slapshot by Justin Schultz.
3:44 of 1st period - Stopped by Mike Smith without a rebound.
3:45 of 1st period - Mikael Granlund wins face-off versus Jonathan Toews in Penguins zone.
3:56 of 1st period - Snap shot by Scott Hartnell.
3:56 of 1st period - Shot Blocked by Anton Volchenkov.
4:12 of 1st period - Snap shot by Scott Hartnell.
4:12 of 1st period - Stopped by Mike Smith with a rebound.
4:14 of 1st period - Slapshot by Justin Schultz.
4:14 of 1st period - Shot Blocked by Christian Ehrhoff.
4:16 of 1st period - Snap shot by Scott Hartnell.
4:16 of 1st period - Stopped by Mike Smith with a rebound.
4:18 of 1st period - Snap shot by Jonathan Toews.
4:18 of 1st period - Shot Misses the Net.
4:20 of 1st period - Slapshot by Justin Schultz.
4:20 of 1st period - Shot Blocked by Anton Volchenkov.
4:35 of 1st period - Minor Penalty to Chris Stewart for Hooking.
4:36 of 1st period - Paul Gaustad wins face-off versus Henrik Sedin in Penguins zone.
5:39 of 1st period - Snap shot by Scott Hartnell.
5:39 of 1st period - Deflect By Jonathan Toews.
5:39 of 1st period - Shot Blocked by Nate Thompson.
5:39 of 1st period - Puck is out of play.
5:40 of 1st period - Jonathan Toews wins face-off versus Jarome Iginla in Penguins zone.
6:22 of 1st period - Wrist shot by Loui Eriksson.
6:22 of 1st period - Shot Misses the Net.
6:24 of 1st period - Wrist shot by Loui Eriksson.
6:24 of 1st period - Goal by Loui Eriksson - Penguins : 0 - Senators : 1.
6:25 of 1st period - Nazem Kadri wins face-off versus David Legwand in neutral zone.
6:38 of 1st period - Snap shot by Nazem Kadri.
6:38 of 1st period - Stopped by Mike Smith with a rebound.
7:28 of 1st period - Wrist shot by Marcus Foligno.
7:28 of 1st period - Shot Misses the Net.
7:30 of 1st period - Wrist shot by Luke Glendening.
7:30 of 1st period - Deflect By Marcus Foligno.
7:30 of 1st period - Shot Blocked by Johnny Oduya.
7:30 of 1st period - Puck is out of play.
7:31 of 1st period - Mikael Granlund wins face-off versus Jonathan Toews in Senators zone.
7:54 of 1st period - Snap shot by Scott Hartnell.
7:54 of 1st period - Shot Blocked by Anton Volchenkov.
7:56 of 1st period - Minor Penalty to Jarome Iginla for Hooking.
7:57 of 1st period - Jonathan Toews wins face-off versus Paul Gaustad in Penguins zone.
8:50 of 1st period - Slapshot by Grant Clitsome.
8:50 of 1st period - Shot Blocked by Johnny Oduya.
9:00 of 1st period - Snap shot by Nathan MacKinnon.
9:00 of 1st period - Shot Misses the Net.
9:02 of 1st period - Slapshot by Grant Clitsome.
9:02 of 1st period - Deflect By Henrik Sedin.
9:02 of 1st period - Goal by Grant Clitsome - Penguins : 1 - Senators : 1.
9:03 of 1st period - Paul Gaustad wins face-off versus Jonathan Toews in neutral zone.
9:18 of 1st period - Snap shot by Marcus Foligno.
9:18 of 1st period - Stopped by Steve Mason with a rebound.
9:36 of 1st period - Minor Penalty to Marcus Foligno for Slashing.
9:37 of 1st period - Paul Gaustad wins face-off versus Henrik Sedin in Penguins zone.
9:45 of 1st period - Slapshot by Dougie Hamilton.
9:45 of 1st period - Shot Misses the Net.
9:56 of 1st period - Penalty to Jarome Iginla is over, Jarome Iginla is back on ice.
10:01 of 1st period - Icing by Henrik Sedin.
10:02 of 1st period - Nate Thompson wins face-off versus Henrik Sedin in Senators zone.
10:03 of 1st period - Slapshot by Nathan MacKinnon.
10:03 of 1st period - Shot Misses the Net.
10:11 of 1st period - Slapshot by Henrik Sedin.
10:11 of 1st period - Stopped by Mike Smith with a rebound.
10:13 of 1st period - Slapshot by Zach Bogosian.
10:13 of 1st period - Shot Blocked by Grant Clitsome.
10:15 of 1st period - Snap shot by Loui Eriksson.
10:15 of 1st period - Stopped by Mike Smith without a rebound.
10:16 of 1st period - Jonathan Toews wins face-off versus Nate Thompson in Penguins zone.
11:15 of 1st period - Christian Ehrhoff is hit by Nate Prosser and loses puck.
11:36 of 1st period - Penalty to Marcus Foligno is over, Marcus Foligno is back on ice.
11:48 of 1st period - Slapshot by Nazem Kadri.
11:48 of 1st period - Shot Blocked by Christian Ehrhoff.
11:50 of 1st period - Slapshot by Zach Bogosian.
11:50 of 1st period - Shot Blocked by Nate Thompson.
11:52 of 1st period - Wrist shot by Nazem Kadri.
11:52 of 1st period - Stopped by Mike Smith with a rebound.
12:04 of 1st period - Snap shot by Mark Scheifele.
12:04 of 1st period - Shot Blocked by Christian Ehrhoff.
12:06 of 1st period - Slapshot by Zach Bogosian.
12:06 of 1st period - Shot Misses the Net.
12:10 of 1st period - Wrist shot by Mark Scheifele.
12:10 of 1st period - Stopped by Mike Smith without a rebound.
12:11 of 1st period - Mikael Granlund wins face-off versus Boone Jenner in Penguins zone.
12:24 of 1st period - Wrist shot by Mikael Granlund.
12:24 of 1st period - Stopped by Steve Mason with a rebound.
12:30 of 1st period - Snap shot by Vladimir Tarasenko.
12:30 of 1st period - Shot Misses the Net.
12:57 of 1st period - Scott Hartnell is hit by Dougie Hamilton and loses puck.
13:47 of 1st period - Cody Ceci is hit by Reilly Smith and loses puck.
14:13 of 1st period - Snap shot by Kyle Okposo.
14:13 of 1st period - Stopped by Mike Smith with a rebound.
15:35 of 1st period - Snap shot by Marcus Foligno.
15:35 of 1st period - Shot Blocked by Justin Schultz.
15:46 of 1st period - Marcus Foligno is hit by Colin Greening and loses puck.
15:51 of 1st period - Snap shot by Boone Jenner.
15:51 of 1st period - Shot Misses the Net.
16:25 of 1st period - Anton Volchenkov is hit by Zach Bogosian and loses puck.
16:47 of 1st period - Icing by Nate Prosser.
16:48 of 1st period - Nate Thompson wins face-off versus John Scott in Senators zone.
16:53 of 1st period - Snap shot by Nate Thompson.
16:53 of 1st period - Stopped by Steve Mason with a rebound.
17:13 of 1st period - Snap shot by Reilly Smith.
17:13 of 1st period - Shot Misses the Net.
17:15 of 1st period - Slapshot by Johnny Oduya.
17:15 of 1st period - Shot Blocked by Dougie Hamilton.
17:17 of 1st period - Slapshot by Johnny Oduya.
17:17 of 1st period - Deflect By Scott Hartnell.
17:17 of 1st period - Shot Blocked by Dougie Hamilton.
17:17 of 1st period - Puck is out of play.
17:18 of 1st period - Jonathan Toews wins face-off versus Mikael Granlund in Penguins zone.
18:37 of 1st period - Icing by Cody Ceci.
18:38 of 1st period - Jarome Iginla wins face-off versus Boone Jenner in Penguins zone.
19:03 of 1st period - Mark Fraser is hit by David Clarkson and loses puck.
19:10 of 1st period - Justin Schultz is hit by Dougie Hamilton and loses puck.
19:26 of 1st period - Icing by Luke Glendening.
19:27 of 1st period - Nate Thompson wins face-off versus Jonathan Toews in Penguins zone.
19:48 of 1st period - Wrist shot by Nate Thompson.
19:48 of 1st period - Shot Blocked by Nate Prosser.
19:50 of 1st period - Slapshot by Luke Glendening.
19:50 of 1st period - Shot Blocked by Nate Prosser.
Goals for this period are 1 for Penguins vs 1 for Senators.
Shots for this period are 5 for Penguins vs 13 for Senators.

2nd period


0:01 of 2nd period - Henrik Sedin wins face-off versus David Legwand in neutral zone.
0:04 of 2nd period - Anton Volchenkov is hit by Peter Harrold and loses puck.
0:13 of 2nd period - Wrist shot by Kyle Okposo.
0:13 of 2nd period - Goal by Kyle Okposo - Penguins : 1 - Senators : 2.
0:14 of 2nd period - Jonathan Toews wins face-off versus David Legwand in neutral zone.
0:23 of 2nd period - Snap shot by Reilly Smith.
0:23 of 2nd period - Deflect By Scott Hartnell.
0:23 of 2nd period - Shot Blocked by Nathan MacKinnon.
0:23 of 2nd period - Puck is out of play.
0:24 of 2nd period - Jonathan Toews wins face-off versus David Legwand in Penguins zone.
0:31 of 2nd period - Wrist shot by Scott Hartnell.
0:31 of 2nd period - Stopped by Mike Smith with a rebound.
2:47 of 2nd period - Snap shot by Marcus Foligno.
2:47 of 2nd period - Shot Blocked by Boone Jenner.
3:40 of 2nd period - Wrist shot by Nail Yakupov.
3:40 of 2nd period - Stopped by Steve Mason with a rebound.
3:42 of 2nd period - Slapshot by Dougie Hamilton.
3:42 of 2nd period - Shot Blocked by Justin Schultz.
3:52 of 2nd period - Peter Harrold is hit by Grant Clitsome.
4:32 of 2nd period - Johnny Oduya is hit by Luke Glendening.
4:46 of 2nd period - Johnny Oduya is hit by Anton Volchenkov and loses puck.
5:16 of 2nd period - Nazem Kadri is hit by Cody Ceci and loses puck.
5:31 of 2nd period - David Clarkson is hit by Nathan MacKinnon and loses puck.
6:05 of 2nd period - Justin Schultz is hit by Nate Thompson and loses puck.
6:20 of 2nd period - Snap shot by Scott Hartnell.
6:20 of 2nd period - Stopped by Mike Smith with a rebound.
6:58 of 2nd period - Mikael Granlund is hit by John Scott and loses puck.
7:05 of 2nd period - Henrik Sedin is hit by Grant Clitsome.
7:09 of 2nd period - Vladimir Tarasenko is hit by John Scott and loses puck.
7:24 of 2nd period - Paul Gaustad is hit by Boone Jenner and loses puck.
7:38 of 2nd period - Mark Fraser is hit by Boone Jenner and loses puck.
7:53 of 2nd period - Snap shot by David Legwand.
7:53 of 2nd period - Stopped by Steve Mason without a rebound.
7:54 of 2nd period - David Legwand wins face-off versus Jonathan Toews in Senators zone.
9:30 of 2nd period - Slapshot by Scott Hartnell.
9:30 of 2nd period - Stopped by Mike Smith without a rebound.
9:31 of 2nd period - Jonathan Toews wins face-off versus Paul Gaustad in Penguins zone.
9:46 of 2nd period - Colin Greening is hit by Marcus Foligno and loses puck.
10:29 of 2nd period - Slapshot by Kyle Okposo.
10:29 of 2nd period - Shot Misses the Net.
10:39 of 2nd period - Snap shot by Henrik Sedin.
10:39 of 2nd period - Shot Blocked by Dougie Hamilton.
10:57 of 2nd period - Snap shot by Nail Yakupov.
10:57 of 2nd period - Shot Misses the Net.
11:31 of 2nd period - Chris Stewart is hit by Jonathan Toews.
11:48 of 2nd period - Minor Penalty to Nate Prosser for Hooking.
11:49 of 2nd period - Mikael Granlund wins face-off versus Boone Jenner in Senators zone.
11:55 of 2nd period - Backhand shot by Jarome Iginla.
11:55 of 2nd period - Deflect By Mikael Granlund.
11:55 of 2nd period - Shot Blocked by Colin Greening.
11:55 of 2nd period - Puck is out of play.
11:56 of 2nd period - Boone Jenner wins face-off versus Mikael Granlund in Senators zone.
12:24 of 2nd period - Off-side.
12:25 of 2nd period - Boone Jenner wins face-off versus Vladimir Tarasenko in neutral zone.
13:02 of 2nd period - Dougie Hamilton is hit by Boone Jenner.
13:12 of 2nd period - Justin Schultz is hit by Jarome Iginla and loses puck.
13:48 of 2nd period - Penalty to Nate Prosser is over, Nate Prosser is back on ice.
14:34 of 2nd period - Wrist shot by Kyle Okposo.
14:34 of 2nd period - Shot Blocked by Marcus Foligno.
15:44 of 2nd period - Justin Schultz is hit by Anton Volchenkov and loses puck.
16:03 of 2nd period - Wrist shot by Vladimir Tarasenko.
16:03 of 2nd period - Shot Blocked by Justin Schultz.
16:46 of 2nd period - Snap shot by Henrik Sedin.
16:46 of 2nd period - Shot Misses the Net.
16:58 of 2nd period - Minor Penalty to Chris Stewart for Roughing.
16:59 of 2nd period - Paul Gaustad wins face-off versus Jonathan Toews in Penguins zone.
17:46 of 2nd period - Snap shot by Kyle Okposo.
17:46 of 2nd period - Shot Blocked by Paul Gaustad.
17:56 of 2nd period - Nate Prosser is hit by Jarome Iginla and loses puck.
18:24 of 2nd period - Colin Greening is hit by Paul Gaustad and loses puck.
18:47 of 2nd period - Mark Fraser is hit by Zach Bogosian and loses puck.
18:52 of 2nd period - Snap shot by Henrik Sedin.
18:52 of 2nd period - Goal by Henrik Sedin - Penguins : 1 - Senators : 3.
18:53 of 2nd period - Nate Thompson wins face-off versus Nazem Kadri in neutral zone.
19:28 of 2nd period - Marcus Foligno is hit by Justin Schultz and loses puck.
Goals for this period are 0 for Penguins vs 2 for Senators.
Shots for this period are 2 for Penguins vs 5 for Senators.

3rd period


0:01 of 3rd period - Mikael Granlund wins face-off versus Jonathan Toews in neutral zone.
0:03 of 3rd period - Minor Penalty to Christian Ehrhoff for Holding.
0:04 of 3rd period - Paul Gaustad wins face-off versus Jonathan Toews in Penguins zone.
1:05 of 3rd period - Paul Gaustad is hit by Henrik Sedin and loses puck.
1:25 of 3rd period - Snap shot by Jarome Iginla.
1:25 of 3rd period - Shot Blocked by Johnny Oduya.
1:29 of 3rd period - Snap shot by Paul Gaustad.
1:29 of 3rd period - Shot Blocked by Loui Eriksson.
1:31 of 3rd period - Snap shot by Paul Gaustad.
1:31 of 3rd period - Shot Misses the Net.
1:33 of 3rd period - Slapshot by Grant Clitsome.
1:33 of 3rd period - Shot Hit the Post.
2:03 of 3rd period - Penalty to Christian Ehrhoff is over, Christian Ehrhoff is back on ice.
2:17 of 3rd period - Wrist shot by Nazem Kadri.
2:17 of 3rd period - Stopped by Mike Smith with a rebound.
2:19 of 3rd period - Wrist shot by John Scott.
2:19 of 3rd period - Stopped by Mike Smith with a rebound.
2:21 of 3rd period - Backhand shot by Mark Scheifele.
2:21 of 3rd period - Shot Blocked by Mark Fraser.
2:23 of 3rd period - Slapshot by Peter Harrold.
2:23 of 3rd period - Stopped by Mike Smith without a rebound.
2:24 of 3rd period - Nazem Kadri wins face-off versus David Legwand in Penguins zone.
2:28 of 3rd period - Minor Penalty to Christian Ehrhoff for Interference.
2:29 of 3rd period - Paul Gaustad wins face-off versus Jonathan Toews in Penguins zone.
2:39 of 3rd period - Wrist shot by Jarome Iginla.
2:39 of 3rd period - Deflect By Paul Gaustad.
2:39 of 3rd period - Stopped by Steve Mason with a rebound.
3:23 of 3rd period - Paul Gaustad is hit by Henrik Sedin and loses puck.
4:28 of 3rd period - Penalty to Christian Ehrhoff is over, Christian Ehrhoff is back on ice.
5:35 of 3rd period - Colin Greening is hit by Mikael Granlund and loses puck.
5:54 of 3rd period - Minor Penalty to Jarome Iginla for Hooking.
5:55 of 3rd period - Paul Gaustad wins face-off versus Henrik Sedin in Penguins zone.
6:04 of 3rd period - Snap shot by Kyle Okposo.
6:04 of 3rd period - Shot Misses the Net.
6:06 of 3rd period - Wrist shot by Johnny Oduya.
6:06 of 3rd period - Stopped by Mike Smith with a rebound.
6:08 of 3rd period - Slapshot by Johnny Oduya.
6:08 of 3rd period - Stopped by Mike Smith with a rebound.
6:34 of 3rd period - Christian Ehrhoff is hit by Scott Hartnell and loses puck.
7:03 of 3rd period - Anton Volchenkov is hit by Henrik Sedin and loses puck.
7:48 of 3rd period - Grant Clitsome is hit by Zach Bogosian and loses puck.
7:54 of 3rd period - Penalty to Jarome Iginla is over, Jarome Iginla is back on ice.
8:13 of 3rd period - Wrist shot by Nazem Kadri.
8:13 of 3rd period - Goal by Nazem Kadri - Penguins : 1 - Senators : 4.
8:14 of 3rd period - Nazem Kadri wins face-off versus Mikael Granlund in neutral zone.
8:20 of 3rd period - Off-side.
8:21 of 3rd period - Mikael Granlund wins face-off versus Nazem Kadri in neutral zone.
8:23 of 3rd period - Off-side.
8:24 of 3rd period - Mikael Granlund wins face-off versus Nazem Kadri in neutral zone.
8:45 of 3rd period - John Scott is hit by Jarome Iginla.
10:22 of 3rd period - Off-side.
10:23 of 3rd period - Paul Gaustad wins face-off versus Boone Jenner in neutral zone.
10:26 of 3rd period - Wrist shot by Jarome Iginla.
10:26 of 3rd period - Deflect By Nail Yakupov.
10:26 of 3rd period - Shot Misses the Net.
10:26 of 3rd period - Puck is out of play.
10:27 of 3rd period - Boone Jenner wins face-off versus Nail Yakupov in Senators zone.
10:39 of 3rd period - Minor Penalty to David Clarkson for Roughing.
10:40 of 3rd period - David Legwand wins face-off versus Boone Jenner in Senators zone.
11:32 of 3rd period - Slapshot by Jarome Iginla.
11:32 of 3rd period - Shot Blocked by Zach Bogosian.
11:34 of 3rd period - Slapshot by Christian Ehrhoff.
11:34 of 3rd period - Shot Misses the Net.
11:36 of 3rd period - Wrist shot by Paul Gaustad.
11:36 of 3rd period - Stopped by Steve Mason with a rebound.
11:38 of 3rd period - Snap shot by Mikael Granlund.
11:38 of 3rd period - Stopped by Steve Mason with a rebound.
11:50 of 3rd period - Snap shot by Jarome Iginla.
11:50 of 3rd period - Deflect By Mikael Granlund.
11:50 of 3rd period - Shot Blocked by Johnny Oduya.
11:50 of 3rd period - Puck is out of play.
11:51 of 3rd period - Mikael Granlund wins face-off versus Boone Jenner in Senators zone.
12:20 of 3rd period - Boone Jenner is hit by David Legwand and loses puck.
12:39 of 3rd period - Penalty to David Clarkson is over, David Clarkson is back on ice.
12:57 of 3rd period - Snap shot by Christian Ehrhoff.
12:57 of 3rd period - Stopped by Steve Mason with a rebound.
13:06 of 3rd period - Icing by Justin Schultz.
13:07 of 3rd period - David Legwand wins face-off versus Jonathan Toews in Senators zone.
13:10 of 3rd period - Slapshot by Nathan MacKinnon.
13:10 of 3rd period - Shot Misses the Net.
13:52 of 3rd period - Snap shot by Kyle Okposo.
13:52 of 3rd period - Stopped by Mike Smith without a rebound.
13:53 of 3rd period - Paul Gaustad wins face-off versus Nazem Kadri in Penguins zone.
13:53 of 3rd period - Paul Gaustad is hit by Zach Bogosian.
14:15 of 3rd period - Slapshot by Nazem Kadri.
14:15 of 3rd period - Shot Misses the Net.
14:17 of 3rd period - Slapshot by Zach Bogosian.
14:17 of 3rd period - Stopped by Mike Smith with a rebound.
14:19 of 3rd period - Slapshot by Johnny Oduya.
14:19 of 3rd period - Stopped by Mike Smith with a rebound.
14:27 of 3rd period - Christian Ehrhoff is hit by Nazem Kadri.
14:41 of 3rd period - Nate Thompson is hit by Kyle Okposo and loses puck.
14:46 of 3rd period - Slapshot by Kyle Okposo.
14:46 of 3rd period - Stopped by Mike Smith without a rebound.
14:47 of 3rd period - Marcus Foligno wins face-off versus Henrik Sedin in Penguins zone.
14:57 of 3rd period - Snap shot by Loui Eriksson.
14:57 of 3rd period - Deflect By Henrik Sedin.
14:57 of 3rd period - Stopped by Mike Smith with a rebound.
14:59 of 3rd period - Slapshot by Nate Prosser.
14:59 of 3rd period - Deflect By Kyle Okposo.
14:59 of 3rd period - Shot Misses the Net.
14:59 of 3rd period - Puck is out of play.
15:00 of 3rd period - Jonathan Toews wins face-off versus David Legwand in Penguins zone.
15:01 of 3rd period - Snap shot by Scott Hartnell.
15:01 of 3rd period - Shot Misses the Net.
15:11 of 3rd period - Christian Ehrhoff is hit by Jonathan Toews and loses puck.
15:28 of 3rd period - Slapshot by Scott Hartnell.
15:28 of 3rd period - Stopped by Mike Smith with a rebound.
15:40 of 3rd period - Christian Ehrhoff is hit by Scott Hartnell and loses puck.
15:50 of 3rd period - Icing by Dougie Hamilton.
15:51 of 3rd period - Mikael Granlund wins face-off versus Henrik Sedin in Penguins zone.
15:56 of 3rd period - Johnny Oduya is hit by Dougie Hamilton and loses puck.
16:01 of 3rd period - Slapshot by Vladimir Tarasenko.
16:01 of 3rd period - Stopped by Steve Mason with a rebound.
16:03 of 3rd period - Slapshot by Mikael Granlund.
16:03 of 3rd period - Stopped by Steve Mason with a rebound.
16:05 of 3rd period - Slapshot by Mikael Granlund.
16:05 of 3rd period - Stopped by Steve Mason with a rebound.
16:07 of 3rd period - Wrist shot by Mikael Granlund.
16:07 of 3rd period - Deflect By Vladimir Tarasenko.
16:07 of 3rd period - Shot Misses the Net.
16:07 of 3rd period - Puck is out of play.
16:08 of 3rd period - Nazem Kadri wins face-off versus Paul Gaustad in Senators zone.
16:12 of 3rd period - Off-side.
16:13 of 3rd period - Paul Gaustad wins face-off versus Nazem Kadri in neutral zone.
16:16 of 3rd period - Zach Bogosian is hit by Paul Gaustad and loses puck.
16:23 of 3rd period - Slapshot by Jarome Iginla.
16:23 of 3rd period - Shot Misses the Net.
17:14 of 3rd period - Dougie Hamilton is hit by Scott Hartnell and loses puck.
18:35 of 3rd period - Wrist shot by Marcus Foligno.
18:35 of 3rd period - Shot Blocked by Justin Schultz.
18:37 of 3rd period - Snap shot by Nate Thompson.
18:37 of 3rd period - Shot Blocked by Justin Schultz.
18:43 of 3rd period - Snap shot by Luke Glendening.
18:43 of 3rd period - Stopped by Steve Mason without a rebound.
18:44 of 3rd period - Nazem Kadri wins face-off versus Mikael Granlund in Senators zone.
18:46 of 3rd period - Minor Penalty to John Scott for Tripping.
18:47 of 3rd period - Mikael Granlund wins face-off versus Boone Jenner in Senators zone.
19:22 of 3rd period - Wrist shot by Mikael Granlund.
19:22 of 3rd period - Shot Blocked by Johnny Oduya.
Goals for this period are 0 for Penguins vs 1 for Senators.
Shots for this period are 8 for Penguins vs 12 for Senators.


Output by the SimonT Hockey Simulator (STHS) for Eric Dolegowski -- Original Page W3C XHTML 1.0 Valid
Hockey Simulator - Hockey Simulation - Hockey Manager